 Dungeon Crawl Stone Soup version 0.16.1-18-g436b03c (webtiles) character file.

60 rutigerpupkin the Firebug (level 4, -2/24 HPs)
             Began as a Gargoyle Fire Elementalist on May 13, 2015.
             Killed by divine providence
             ... invoked by an orc priest
              (16 damage)
             ... on level 3 of the Dungeon.
             The game lasted 00:08:09 (1759 turns).

rutigerpupkin the Firebug (GrFE)                    Turns: 1759, Time: 00:08:10

Health: -2/24      AC:  5    Str: 12    XL:     4   Next: 4%
Magic:  11/17      EV: 15    Int: 16    God:
Gold:   91         SH:  0    Dex: 10    Spells: 2 memorised, 4 levels left

rFire  . . .     SeeInvis .     k - +0 short sword (curse)
rCold  . . .     Clarity  .     a - +0 robe
rNeg   + . .     SustAb   .     (no shield)
rPois  ∞         Gourm    .     (no helmet)
rElec  +         Spirit   .     (no cloak)
rCorr  +         Warding  .     (no gloves)
rMut   .         Stasis   .     (no boots)
MR     .....                    t - amulet of resist corrosion
Stlth  ++........               o - +3 ring of evasion
                                h - ring of magical power

@: very slightly contaminated, not resistant to hostile enchantments, unstealthy
A: negative energy resistance 1, electricity resistance, unbreathing,
petrification resistance, rot immunity, AC +3
a: no special abilities


You were on level 3 of the Dungeon.
You were hungry.

You visited 1 branch of the dungeon, and saw 3 of its levels.

You collected 91 gold pieces.

Inventory:

Hand weapons
 e - a +0 dagger
 f - a +0 spear
 k - a cursed +0 short sword (weapon)
Armour
 a - a +0 robe (worn)
Jewellery
 h - a ring of magical power (left hand)
 o - a +3 ring of evasion (right hand)
 q - an uncursed ring of ice
 s - a +4 ring of evasion
 t - an amulet of resist corrosion (around neck)
Scrolls
 g - a scroll of recharging {unknown}
 m - 3 scrolls of teleportation {unknown}
 n - a scroll of immolation {unknown}
 r - 4 scrolls of identify {unknown}
 v - a scroll of fog {unknown}
Potions
 i - 2 potions of resistance {unknown}
 j - 4 potions of curing {unknown}
 l - a potion of agility {unknown}
Books
 b - a book of Flames

   Spells                             Type                      Level
   a - Flame Tongue                   Conjuration/Fire             1
   b - Throw Flame                    Conjuration/Fire             2
   c - Conjure Flame                  Conjuration/Fire             3
   d - Inner Flame                    Hexes/Fire                   3
   e - Sticky Flame                   Conjuration/Fire             4
   f - Fireball                       Conjuration/Fire             5
Comestibles
 c - 3 bread rations
 d - 4 chunks of flesh
 p - a meat ration
 u - a royal jelly


   Skills:
 - Level 1.5 Dodging
 - Level 2.1 Stealth
 + Level 2.6 Spellcasting
 + Level 2.3 Conjurations
 * Level 3.8 Fire Magic


You had 4 spell levels left.
You knew the following spells:

 Your Spells              Type           Power        Failure   Level  Hunger
a - Flame Tongue          Conj/Fire      ##...        8%          1    #......
b - Conjure Flame         Conj/Fire      ##......     17%         3    ###....


Dungeon Overview and Level Annotations

Branches:
Dungeon (3/15)

Altars:


Innate Abilities, Weirdness & Mutations

You are resistant to torment.
You are immune to poison.
Your stone body is very resilient (AC +3).
You resist negative energy.
You are resistant to electric shocks.
You can survive without breathing.
You are immune to petrification.
You are immune to rotting.


Message History

Press: ? - help, Shift-Dir - straight line, f - hobgoblin
Aim: a hobgoblin, wielding a club (summoned)
You miscast Flame Tongue.
You are very lightly contaminated with residual magic.
You smell something strange.
The hobgoblin closely misses you.
You hit the hobgoblin.
The hobgoblin is moderately wounded.
The hobgoblin misses you.
You closely miss the hobgoblin.
The hobgoblin is moderately wounded.
The hobgoblin completely misses you.
You barely miss the hobgoblin.
The hobgoblin is moderately wounded.
The hobgoblin misses you.
You hit the hobgoblin but do no damage.
The hobgoblin is moderately wounded.
The orc priest calls down the wrath of Beogh upon you.
Something smites you!
Ouch! That really hurt!
You die...

#§§PP#...................
######.........o.........
#..........#.....(..
#......^...#........
#.ooo.g.o..#...o.o.(
###§########..###... #.#
#..# #.#. #g# #..# ###.
#@# #..# ## ### #..# ....
.... .


You could see 2 orc priests, an orc and a hobgoblin.

Vanquished Creatures
  2 adders (D:2)
  2 giant geckos
  An orc (D:3)
  A giant cockroach (D:2)
  8 goblins
  5 hobgoblins
  A jackal (D:3)
  7 kobolds
  4 bats
  2 giant newts (D:3)
  12 rats
45 creatures vanquished.

Notes
Turn   | Place    | Note
--------------------------------------------------------------
     0 | D:1      | rutigerpupkin, the Gargoyle Fire Elementalist, began the quest for the Orb.
     0 | D:1      | Reached XP level 1. HP: 10/10 MP: 3/3
   283 | D:1      | Reached XP level 2. HP: 15/15 MP: 1/4
  1014 | D:2      | Reached XP level 3. HP: 19/19 MP: 6/6
  1019 | D:2      | Learned a level 3 spell: Conjure Flame
  1750 | D:3      | Reached XP level 4. HP: 20/24 MP: 8/8
  1759 | D:3      | Killed from afar by an orc priest

Action                   |  1- 3 |  4- 6 || total
-------------------------+-------+-------++-------
Melee: Spear             |     4 |       ||     4
       Short sword       |    17 |     5 ||    22
 Cast: Flame Tongue      |    64 |     2 ||    66
       Conjure Flame     |     1 |     1 ||     2
  Eat: Chunk             |     3 |       ||     3
